Cogmind - Beta 13 @@@ ROGUE MODE // 2024.05.20 @ 16:28:58 Player: Waste Result: Destroyed by H-66 Slayer with Heavy Assault Rifle Performance ------------- Evolutions (5) 2500 Regions Visited (19) 3800 Robots Destroyed (176) 880 Value Destroyed (5548) 5548 Prototype IDs (50) 1000 Alien Tech Used (0) 0 Bonus (638) 638 TOTAL SCORE: 14366 Bonus ------- High Alert Combat Kills 33 Follower Combat Kills 48 Aligned with FarCom 300 Met Data Miner 300 Friendly Fire -43 Cogmind --------- Core Integrity 0/1000 Matter 203/300 Energy 99/100 System Corruption 0% Temperature Cool (0) Movement Core (50) Location -5/Extension Parts ------- > --- POWER (1) -------- (None) > --- PROPULSION (6) --- (None) > --- UTILITY (6) ------ (None) > --- WEAPON (4) ------- (None) > --- INVENTORY (5) ---- Improved Deuterium Engine High-capacity Matter Pod (0) Experimental Sensor Array Hardened Medium Armor Plating Chainsword Peak State ------------ > --- POWER ------------ Fission Core > --- PROPULSION ------- Improved Treads Armored Treads Advanced Treads Medium Treads Medium Treads Wheel > --- UTILITY ---------- Improved Cooling System Huge Storage Unit Advanced Signal Interpreter Improved Salvage Targeting Computer Improved Medium Armor Plating Thief Drone Bay > --- WEAPON ----------- Advanced Plasma Cannon Gauss Rifle Flak Gun KE Penetrator > --- INVENTORY -------- Improved Deuterium Engine Improved Deuterium Engine Angular Momentum Engine Advanced Heat Sink Energy Well High-capacity Matter Pod Structural Scanner Experimental Sensor Array Core Analyzer Hardened Light Armor Plating Hardened Medium Armor Plating Hardened Medium Armor Plating Improved Light Armor Plating Improved Medium Armor Plating Improved Medium Armor Plating Improved Medium Armor Plating Improved Medium Armor Plating System Shield Long-range Tractor Beam Mini Drone Bay Mini Drone Bay Flak Gun Grenade Launcher Heavy Rocket Launcher Chainsword [Rating: 76] Favorites ----------- Power Deuterium Engine Engine Deuterium Engine Power Core Fission Core Propulsion Improved Treads Treads Improved Treads Leg Aluminum Leg Wheel Wheel Utility Huge Storage Unit Device Structural Scanner Storage Huge Storage Unit Processor Advanced Signal Interpreter Protection Hardened Medium Armor Plating Weapon Flak Gun Energy Gun Medium Laser Energy Cannon Advanced Plasma Cannon Ballistic Gun Flak Gun Ballistic Cannon Advanced Assault Cannon Launcher Heavy Rocket Launcher Slashing Weapon Chainsword Build | -11 -10 -10 -9 -9 -9 -8 -8 -7 -7 -7 -7 -6 -6 -6 -6 -6 -5 -5 -5 ------- Run | Yrd Mat Min Mat Min Exi Min Mat Fac Low Low Zio Pro Fac Low Low Dat Pro Fac Ext Slots Evolved 10 | . . . 2 . . . 2 2 . . . . 2 . . . . 2 . Power . | . . . . . . . . . . . . . . . . . . . . Propulsion 4 | . . . 1 . . . 1 . . . . . . . . . . 2 . Utility 4 | . . . 1 . . . 1 1 . . . . 1 . . . . . . Weapon 2 | . . . . . . . . 1 . . . . 1 . . . . . . Parts Attached 245 | . 4 11 9 5 13 3 43 28 12 1 4 1 57 8 5 1 6 23 11 Power 10 | . 1 1 1 1 1 . 1 1 . . . . 2 . . . . 1 . Engine 9 | . 1 1 1 1 1 . 1 1 . . . . 2 . . . . . . Core 1 | . . . . . . . . . . . . . . . . . . 1 . Reactor . | . . . . . . . . . . . . . . . . . . . . Propulsion 43 | . 2 2 3 1 3 . 17 2 . . 2 . 1 . 1 . . 7 2 Treads 38 | . . . 3 1 3 . 17 2 . . 2 . 1 . 1 . . 6 2 Leg 4 | . 2 2 . . . . . . . . . . . . . . . . . Wheel 1 | . . . . . . . . . . . . . . . . . . 1 . Hover . | . . . . . . . . . . . . . . . . . . . . Flight . | . . . . . . . . . . . . . . . . . . . . Utility 107 | . 1 5 2 1 1 1 9 11 6 . 2 1 37 7 4 1 5 6 7 Device 75 | . . 5 1 1 1 1 5 7 5 . 1 1 25 5 4 1 5 2 5 Storage 3 | . 1 . . . . . 1 1 . . . . . . . . . . . Processor 4 | . . . . . . . . 2 . . . . 1 . . . . . 1 Hackware . | . . . . . . . . . . . . . . . . . . . . Protection 25 | . . . 1 . . . 3 1 1 . 1 . 11 2 . . . 4 1 Artifact . | . . . . . . . . . . . . . . . . . . . . Weapon 85 | . . 3 3 2 8 2 16 14 6 1 . . 17 1 . . 1 9 2 Energy Gun 6 | . . 1 1 . . . 4 . . . . . . . . . . . . Energy Cannon 1 | . . . . . . . . . . . . . . . . . . . 1 Ballistic Gun 51 | . . 1 1 2 4 2 8 10 3 1 . . 10 1 . . 1 6 1 Ballistic Cannon 2 | . . . . . . . 2 . . . . . . . . . . . . Launcher 14 | . . 1 1 . 3 . 1 1 3 . . . 3 . . . . 1 . Special Weapon . | . . . . . . . . . . . . . . . . . . . . Impact Weapon . | . . . . . . . . . . . . . . . . . . . . Slashing Weapon 11 | . . . . . 1 . 1 3 . . . . 4 . . . . 2 . Piercing Weapon . | . . . . . . . . . . . . . . . . . . . . Special Melee Weapon . | . . . . . . . . . . . . . . . . . . . . Unidentified Prototypes 11 | . . 2 . . 1 . 3 1 . . . . 4 . . . . . . Parts Lost 25 | . . 1 2 2 5 . 3 3 . . . . 2 . 1 . . 3 3 Power 2 | . . 1 . . 1 . . . . . . . . . . . . . . Propulsion 8 | . . . . . 2 . . 2 . . . . . . 1 . . 2 1 Utility 9 | . . . 1 1 . . 3 1 . . . . 1 . . . . 1 1 Weapon 6 | . . . 1 1 2 . . . . . . . 1 . . . . . 1 Highest Loss Streak 4 | . . 1 2 1 4 . 2 1 . . . . 1 . 1 . . 2 3 To Critical Strikes 2 | . . . . . 1 . 1 . . . . . . . . . . . . Average Slot Usage (%) 97 | . 85 98 97 90 88 100 99 99 96 100 100 100 99 100 99 100 100 94 93 Engine 7 | . 14 13 11 10 10 11 9 7 7 7 7 7 6 6 6 6 6 3 . Treads 27 | . . . 33 33 32 33 35 29 30 30 30 30 26 26 25 26 26 29 26 Leg 2 | . 28 28 . . . . . . . . . . . . . . . . . Device 12 | . . 13 9 13 22 22 15 18 7 7 7 7 13 17 12 13 13 9 5 Storage 7 | . 14 14 11 11 11 11 9 7 7 7 7 7 6 6 6 6 6 5 4 Processor 3 | . . . . . . . . . 7 7 7 7 6 6 6 6 6 5 9 Protection 10 | . . . 11 . . . 11 11 10 15 15 15 12 9 13 13 13 11 10 Energy Gun 2 | . 14 14 10 11 . . 2 . . . . . . . . . . . . Ballistic Gun 16 | . 14 5 9 10 6 22 12 21 21 15 15 15 22 20 20 20 22 18 15 Launcher 2 | . . 8 1 . 1 . . . 1 7 7 7 1 6 6 6 3 . . Naked Turns 64 | . . . . . . . . . . . . . . . . . . . 64 Heaviest Build 130 | 13 48 51 57 57 62 53 114 120 120 115 121 121 126 128 125 123 123 130 128 Greatest Support 141 | 20 20 20 60 60 60 60 92 92 89 89 89 86 86 86 91 91 91 141 121 Greatest Overweight (x) 12 | . 2 2 . . 2 . 1 1 1 1 1 1 1 1 1 1 1 12 1 Average Overweight (x) . | . 1 2 . . . . . 1 1 1 1 1 1 1 1 1 1 . . Largest Inventory Capacity 25 | . 20 20 20 20 20 20 25 25 25 25 25 25 25 25 25 25 25 25 25 Average Capacity 24 | . 19 20 20 20 20 20 24 25 25 25 25 25 25 25 25 25 25 25 23 Most Carried 25 | . 20 20 20 20 20 16 25 25 25 25 24 24 25 25 24 21 21 25 25 Average Carried 23 | . 16 19 18 19 19 15 24 24 24 24 23 24 24 24 22 21 20 24 23 Final Capacity 25 | 8 20 20 20 20 20 20 25 25 25 25 25 25 25 25 25 25 25 25 5 Final Carried 25 | 6 19 20 20 20 16 15 25 24 25 22 24 24 25 24 21 21 21 25 5 Class Distribution -------------------- 23% | Skirmisher 22% | Mutant 22% | Tank 15% | Scavenger-Mutant 9% | Scavenger-Skirmisher 3% | Scavenger-Tank Dominant Class ---------------- Mutant | -10/Materials Scavenger-Mutant | -10/Mines Mutant | -9/Materials Scavenger-Mutant | -9/Mines Scavenger-Mutant | -9/Exiles Scavenger-Mutant | -8/Mines Mutant | -8/Materials Tank | -7/Factory Skirmisher | -7/Lower Caves Skirmisher | -7/Lower Caves Skirmisher | -7/Zion Tank | -6/Proximity Caves Scavenger-Skirmisher | -6/Factory Skirmisher | -6/Lower Caves Skirmisher | -6/Lower Caves Skirmisher | -6/Data Miner Skirmisher | -5/Proximity Caves Tank | -5/Factory Scavenger-Tank | -5/Extension Resources | -11 -10 -10 -9 -9 -9 -8 -8 -7 -7 -7 -7 -6 -6 -6 -6 -6 -5 -5 -5 ----------- Run | Yrd Mat Min Mat Min Exi Min Mat Fac Low Low Zio Pro Fac Low Low Dat Pro Fac Ext Matter Collected 6867 | 200 176 288 179 93 246 . 1398 945 305 51 45 102 1384 134 91 . 319 668 243 Remotely . | . . . . . . . . . . . . . . . . . . . . Salvage Created 6571 | . 240 117 564 296 19 8 1645 974 137 . . 199 1361 33 107 . 101 507 263 Parts 367 | . 14 7 27 12 . 2 107 51 3 1 . 14 78 1 . . 6 36 8 Haulers Intercepted 9 | . 1 . . . . . 6 . . . . . 1 . . . . . 1 Recyclers Shooed 19 | . . . . 1 . . 3 6 . . . . 6 . . . . 2 1 Parts Field Recycled . | . . . . . . . . . . . . . . . . . . . . Retrieved Matter . | . . . . . . . . . . . . . . . . . . . . Parts Self-Destructed 25 | . . . . . . . . . 3 5 . 12 . 1 . . 4 . . Prevented 2 | . . . . . . . . . . 2 . . . . . . . . . Kills | -11 -10 -10 -9 -9 -9 -8 -8 -7 -7 -7 -7 -6 -6 -6 -6 -6 -5 -5 -5 ------- Run | Yrd Mat Min Mat Min Exi Min Mat Fac Low Low Zio Pro Fac Low Low Dat Pro Fac Ext Combat Hostiles Destroyed 120 | . 4 10 10 5 4 3 26 18 5 1 . 5 9 2 4 . 5 7 2 Guns 88 | . 4 2 10 5 . . 24 18 2 . . 2 9 1 2 . 3 5 1 Cannons 2 | . . . . . . . 1 . . . . . . . . . . . 1 AOE 29 | . . 8 . . 4 3 . . 3 1 . 3 . 1 2 . 2 2 . Classes Destroyed 18 | . 3 2 4 1 . . 4 1 . 1 . . 1 . . . 1 . . Worker 16 | . . . . . . . 4 1 . . . . 5 . . . . 6 . Builder 13 | . . . 1 . . . 3 . . . . . 6 . . . . 3 . Tunneler 5 | . . . . . . . 2 . . . . . 2 . . . . 1 . Hauler 9 | . 1 . . . . . 6 . . . . . 1 . . . . . 1 Recycler 10 | . . . 1 1 . . . 3 . . . . 4 . . . . 1 . Mechanic 1 | . . . . . . . . . . . . . 1 . . . . . . Drone 2 | . . . . . . . . . . . . . . . . . 2 . . Watcher 11 | . 2 . 1 . . . 4 3 . . . . . . . . . . 1 Swarmer 13 | . . 3 . . . 3 4 3 . . . . . . . . . . . Grunt 43 | . 4 2 8 3 . . 7 5 4 . . 3 3 . 2 . 2 . . Brawler 4 | . . . 1 1 . . 1 . 1 . . . . . . . . . . Duelist 6 | . . . . 1 . . 1 1 . . . . . . . . . 3 . Sentry 17 | . . . 1 . . . 9 2 . . . . 2 . 1 . . . 2 Specialist 2 | . . . . . . . 2 . . . . . . . . . . . . Hunter 10 | . . . . . . . 2 1 . . . 2 . 2 . . 1 2 . Programmer 12 | . . . . . . . . 6 . . . . 4 . . . . 2 . Master Thief 2 | . . . . . . . . . . 1 . . . . 1 . . . . Assembled 9 | . . 5 . . 4 . . . . . . . . . . . . . . Best Kill Streak 7 | . 4 3 5 3 4 3 6 4 4 1 . 5 7 2 3 . 2 4 1 Combat Bots Only 5 | . 4 3 4 3 4 3 3 3 4 1 . 5 2 2 3 . 2 3 1 Max Kills in Single Turn 3 | . 1 2 1 1 2 3 2 2 1 1 . 2 2 1 2 . 1 2 1 Gunslinging 1 | . . . . . . . . 1 . . . 1 . . . . . . . Exploded 3 | . . 2 . . 2 3 . . 1 1 . 1 . 1 1 . 1 2 . Melee . | . . . . . . . . . . . . . . . . . . . . Uniques/NPCs Destroyed . | . . . . . . . . . . . . . . . . . . . . Combat | -11 -10 -10 -9 -9 -9 -8 -8 -7 -7 -7 -7 -6 -6 -6 -6 -6 -5 -5 -5 -------- Run | Yrd Mat Min Mat Min Exi Min Mat Fac Low Low Zio Pro Fac Low Low Dat Pro Fac Ext Hostile Shots Fired 722 | . 26 24 39 17 12 . 138 126 5 9 . 16 71 27 36 . 24 60 92 Missed 213 | . 6 5 9 . 1 . 46 48 2 4 . 7 25 3 12 . 11 11 23 Damage Taken 8777 | . 247 336 382 349 638 33 1354 958 48 140 . 233 526 500 204 . 339 760 1730 Core 1760 | . 45 74 73 75 79 . 78 83 . 92 . 15 47 18 34 . 43 62 942 Absorbed by Shields 12 | . . . . . . . . . . . . . . . . . . . 12 Regen/Repaired (Parts) 816 | . . . . . . . 32 . . . 784 . . . . . . . . Core Remaining (%) 72 | 100 . 52 . . . 43 85 . . . . 72 . . . . 83 . . Volleys Fired 417 | . 32 16 32 17 22 1 114 61 6 8 1 5 39 8 9 . 11 19 16 Largest 4 | . 2 2 2 2 2 1 2 3 3 3 1 2 4 4 4 . 4 4 4 Hottest 187 | . 70 70 76 79 60 30 110 84 84 100 33 61 117 123 123 . 112 112 187 Shots Fired 947 | . 64 22 62 33 28 2 218 166 11 12 1 6 122 17 30 . 35 57 61 Gun 865 | . 64 12 61 33 20 1 203 166 5 6 1 2 117 12 27 . 33 55 47 Cannon 29 | . . . . . . . 15 . . . . . . . . . . . 14 Launcher 53 | . . 10 1 . 8 1 . . 6 6 . 4 5 5 3 . 2 2 . Special . | . . . . . . . . . . . . . . . . . . . . Kinetic 764 | . 32 6 30 16 20 1 188 166 5 6 1 2 117 12 27 . 33 55 47 Thermal 100 | . 32 6 31 17 . . . . . . . . . . . . . . 14 Explosive 53 | . . 10 1 . 8 1 . . 6 6 . 4 5 5 3 . 2 2 . Electromagnetic 30 | . . . . . . . 30 . . . . . . . . . . . . Robot Hit Streak 24 | . 14 18 9 11 6 . 24 12 5 2 . 2 9 6 8 . 6 6 23 Robot Miss Streak 14 | . 3 2 3 2 3 . 5 9 2 7 . 8 5 7 14 . 5 10 6 Penetration Max 1 | . . . . . . . . 1 . . . . 1 . . . . . . Secondary Targets 9 | . . . . 2 . . 2 3 . . . 1 . . . . 1 . . Max Gunslinging Chain 1 | . . . . 1 . . 1 1 . . . 1 . . . . 1 . . Shots Hit Robots 678 | . 40 17 43 27 10 . 149 117 7 3 . 4 83 13 23 . 33 64 45 Core Hits 525 | . 17 21 18 8 7 3 99 102 11 5 . 13 58 16 22 . 36 57 32 Critical Kills 5 | . . . 1 . . . 1 1 . . . 1 1 . . . . . . Critical Parts Destroyed 3 | . . . . . . . . . . . . . 1 . . . . . 2 Critical Strikes 21 | . 1 . 4 3 4 . 2 1 . . . 1 3 . . . . . 2 Burn 7 | . 1 . 3 3 . . . . . . . . . . . . . . . Destroy 12 | . . . 1 . 4 . 1 1 . . . 1 2 . . . . . 2 Blast 1 | . . . . . . . 1 . . . . . . . . . . . . Sever 1 | . . . . . . . . . . . . . 1 . . . . . . Melee Attacks 56 | . . . . . . . 3 3 . . . . 36 . . . . 14 . Impact . | . . . . . . . . . . . . . . . . . . . . Slashing 56 | . . . . . . . 3 3 . . . . 36 . . . . 14 . Piercing . | . . . . . . . . . . . . . . . . . . . . Sneak Attacks 22 | . . . . . . . . . . . . . 11 . . . . 11 . Combat Hostiles . | . . . . . . . . . . . . . . . . . . . . Follow-up Attacks . | . . . . . . . . . . . . . . . . . . . . Damage Inflicted 16622 | . 423 557 606 419 362 176 2756 2378 483 657 . 530 2725 374 523 . 639 1857 1157 Guns 10309 | . 418 128 606 397 169 . 2312 2292 50 . . 33 1500 103 373 . 495 622 811 Cannons 509 | . . . . . . . 214 . . . . . . . . . . . 295 Explosions 3303 | . . 426 . . 193 176 . . 433 657 . 497 . 271 148 . 144 358 . Melee 2085 | . . . . . . . 46 . . . . . 1162 . . . . 877 . Ramming 416 | . 5 3 . 22 . . 184 86 . . . . 63 . 2 . . . 51 Kinetic 9405 | . 180 53 279 188 169 . 2257 2292 50 . . 33 1500 103 373 . 495 622 811 Thermal 1213 | . 238 75 327 209 . 69 . . . . . . . . . . . . 295 Explosive 3234 | . . 426 . . 193 107 . . 433 657 . 497 . 271 148 . 144 358 . Electromagnetic 269 | . . . . . . . 269 . . . . . . . . . . . . Impact . | . . . . . . . . . . . . . . . . . . . . Slashing 2085 | . . . . . . . 46 . . . . . 1162 . . . . 877 . Piercing . | . . . . . . . . . . . . . . . . . . . . Highest Corruption 10 | . . . 10 10 10 10 2 3 3 . . . 4 4 . . . . . Average Corruption 3 | . . . 9 10 10 10 2 2 2 . . . 2 3 . . . . . Corruption Purged 11 | . . . . . . . . 4 3 . . . . 4 . . . . . Corruption Blocked . | . . . . . . . . . . . . . . . . . . . . Effects 164 | . . . 15 12 28 5 42 25 7 . . . 20 10 . . . . . Message Errors 44 | . . . 3 3 11 1 9 8 2 . . . 7 . . . . . . Matter Fused 41 | . . . 4 1 5 1 8 7 2 . . . 8 5 . . . . . Heat Flow Errors 21 | . . . 3 2 5 2 6 2 . . . . . 1 . . . . . Energy Discharges 11 | . . . . 1 3 . 3 . . . . . 2 2 . . . . . Parts Rejected 1 | . . . . . . . 1 . . . . . . . . . . . . Parts Fused 2 | . . . . . . . . 1 . . . . . 1 . . . . . Data Loss (minor) 20 | . . . . 4 2 . 9 1 2 . . . 1 1 . . . . . Data Loss (major) 9 | . . . 2 1 . . 3 3 . . . . . . . . . . . Misfires 6 | . . . . . . 1 2 1 1 . . . 1 . . . . . . Alerts 3 | . . . 2 . . . 1 . . . . . . . . . . . . Misdirections 2 | . . . . . 2 . . . . . . . . . . . . . . Weapon Failures 4 | . . . 1 . . . . 2 . . . . 1 . . . . . . Overload Shots . | . . . . . . . . . . . . . . . . . . . . Overflow Damage 478 | . . 20 . . 9 3 1 . 12 31 . . 205 . 23 . . 172 2 Projectiles 2 | . . . . . . . . . . . . . . . . . . . 2 Explosions 98 | . . 20 . . 9 3 . . 12 31 . . . . 23 . . . . Melee 378 | . . . . . . . 1 . . . . . 205 . . . . 172 . Knockbacks 2 | . . . . . . . 2 . . . . . . . . . . . . Impact . | . . . . . . . . . . . . . . . . . . . . Kinetic 2 | . . . . . . . 2 . . . . . . . . . . . . Secondary . | . . . . . . . . . . . . . . . . . . . . Self-Inflicted Damage 628 | . . 72 19 . 43 33 . . . 123 . 90 . 50 . . 100 91 7 Shots 17 | . . 4 1 . 2 1 . . . 2 . 2 . 1 . . 2 2 . Rammed 40 | . . . . 3 . . 16 8 . . . . 7 . 1 . . . 5 Targets Rammed 50 | . 3 3 . 3 . . 19 8 . . . . 8 . 1 . . . 5 Kicked 6 | . 3 3 . . . . . . . . . . . . . . . . . Crushed 4 | . . . . . . . 3 . . . . . 1 . . . . . . Highest Temperature 464 | . 273 152 223 212 235 226 233 229 . 30 . . 48 129 72 . . 164 464 Average Temperature 91 | . 81 71 64 81 101 107 92 66 . 16 . . 18 64 27 . . 62 188 Received Heat Transfer 1644 | . 135 101 156 54 . . 360 174 27 . . 30 102 . 69 . 48 . 388 Siege Activations . | . . . . . . . . . . . . . . . . . . . . Robots Corrupted 1 | . . . . . . . 1 . . . . . . . . . . . . Combat Hostiles 1 | . . . . . . . 1 . . . . . . . . . . . . Parts Fried 2 | . . . . . . . 2 . . . . . . . . . . . . Impact Corruptions 2 | . . . . . . . 1 . . . . . 1 . . . . . . Robots Melted . | . . . . . . . . . . . . . . . . . . . . Combat Hostiles . | . . . . . . . . . . . . . . . . . . . . Parts Melted 6 | . 2 1 2 . . . . . . . . . . . . . . . 1 Heat Transferred 3325 | . 777 222 1036 740 . 100 . . . . . . . . . . . . 450 Parts Sabotaged . | . . . . . . . . . . . . . . . . . . . . Parts Stolen 6 | . . . . . . . . . . 3 . . . . 3 . . . . Parts Stripped . | . . . . . . . . . . . . . . . . . . . . Power Chain Reactions . | . . . . . . . . . . . . . . . . . . . . Alert | -11 -10 -10 -9 -9 -9 -8 -8 -7 -7 -7 -7 -6 -6 -6 -6 -6 -5 -5 -5 ------- Run | Yrd Mat Min Mat Min Exi Min Mat Fac Low Low Zio Pro Fac Low Low Dat Pro Fac Ext Peak Influence 453 | . 144 116 345 163 . 133 453 162 . . . . 234 . . . . 117 108 Initial 58 | . . . 1 58 . . 51 6 . . . . . . . . . . 56 Average 102 | . 38 49 196 123 . 133 209 58 . . . . 80 . . . . 33 37 Maximum Alert Level 2 | . . . 1 . . . 2 . . . . . 1 . . . . . . Low Security (%) 85 | . 100 100 46 100 . 100 49 100 . . . . 97 . . . . 100 100 Level 1 12 | . . . 53 . . . 39 . . . . . 2 . . . . . . Level 2 2 | . . . . . . . 10 . . . . . . . . . . . . Level 3 . | . . . . . . . . . . . . . . . . . . . . Level 4 . | . . . . . . . . . . . . . . . . . . . . Level 5 . | . . . . . . . . . . . . . . . . . . . . High Security . | . . . . . . . . . . . . . . . . . . . . Max Security . | . . . . . . . . . . . . . . . . . . . . Squads Dispatched 23 | . 1 . 3 . . . 3 7 . . . . 7 . . . . 1 1 Investigation 4 | . . . 1 . . . 1 1 . . . . 1 . . . . . . Extermination 9 | . . . . . . . . 4 . . . . 4 . . . . 1 . Reinforcement 10 | . 1 . 2 . . . 2 2 . . . . 2 . . . . . 1 Assault . | . . . . . . . . . . . . . . . . . . . . Garrison . | . . . . . . . . . . . . . . . . . . . . Intercept . | . . . . . . . . . . . . . . . . . . . . Searches Triggered . | . . . . . . . . . . . . . . . . . . . . Construction Impeded 2 | . . . . . . . 1 . . . . . . . . . . . 1 Haulers Reinforced 1 | . . . . . . . . . . . . . 1 . . . . . . Active Scanning Responses . | . . . . . . . . . . . . . . . . . . . . Cargo Convoy Interrupts . | . . . . . . . . . . . . . . . . . . . . Stealth | -11 -10 -10 -9 -9 -9 -8 -8 -7 -7 -7 -7 -6 -6 -6 -6 -6 -5 -5 -5 --------- Run | Yrd Mat Min Mat Min Exi Min Mat Fac Low Low Zio Pro Fac Low Low Dat Pro Fac Ext Distress Signals 7 | . 1 . 2 1 . . 2 . . . . . . . . . . . 1 Communications Jammed . | . . . . . . . . . . . . . . . . . . . . Distress Signals . | . . . . . . . . . . . . . . . . . . . . Times Spotted 198 | . 12 10 22 5 14 . 42 30 5 7 . 4 14 2 5 . 5 9 12 Peak Tracking Total 9 | . 6 3 6 3 9 . 5 3 4 4 . 4 2 2 3 . 3 3 6 Tactical Retreats 10 | . . . . . 4 . 3 . . 1 . . . . . . 1 . 1 Traps | -11 -10 -10 -9 -9 -9 -8 -8 -7 -7 -7 -7 -6 -6 -6 -6 -6 -5 -5 -5 ------- Run | Yrd Mat Min Mat Min Exi Min Mat Fac Low Low Zio Pro Fac Low Low Dat Pro Fac Ext Traps Triggered 9 | . . . 1 . . . 1 2 . . . . . . . . . 2 3 Indirectly . | . . . . . . . . . . . . . . . . . . . . Trap Hack Attempts . | . . . . . . . . . . . . . . . . . . . . Triggered . | . . . . . . . . . . . . . . . . . . . . Disarmed . | . . . . . . . . . . . . . . . . . . . . Reprogrammed . | . . . . . . . . . . . . . . . . . . . . Reused . | . . . . . . . . . . . . . . . . . . . . Traps Extracted . | . . . . . . . . . . . . . . . . . . . . Installed . | . . . . . . . . . . . . . . . . . . . . Triggered 2 | . . . . . . . . . . 2 . . . . . . . . . Machines | -11 -10 -10 -9 -9 -9 -8 -8 -7 -7 -7 -7 -6 -6 -6 -6 -6 -5 -5 -5 ---------- Run | Yrd Mat Min Mat Min Exi Min Mat Fac Low Low Zio Pro Fac Low Low Dat Pro Fac Ext Machines Disabled 16 | . . 2 . . 4 3 . . . . . . 5 . . . . 2 . Max in Single Turn 3 | . . 1 . . 2 3 . . . . . . 3 . . . . 1 . Garrison Access 1 | . . . . . . . . 1 . . . . . . . . . . . Machines Repaired . | . . . . . . . . . . . . . . . . . . . . Machines Dismantled . | . . . . . . . . . . . . . . . . . . . . Machines Sabotaged . | . . . . . . . . . . . . . . . . . . . . Overloaded Fab Kills . | . . . . . . . . . . . . . . . . . . . . Hacking | -11 -10 -10 -9 -9 -9 -8 -8 -7 -7 -7 -7 -6 -6 -6 -6 -6 -5 -5 -5 --------- Run | Yrd Mat Min Mat Min Exi Min Mat Fac Low Low Zio Pro Fac Low Low Dat Pro Fac Ext Machines Accessed 43 | . 4 1 3 . 1 . 13 8 . 2 . . 2 . . 3 . 4 2 Terminals 26 | . 4 . 2 . . . 11 5 . . . . . . . . . 2 2 Fabricators 5 | . . . . . . . . 1 . . . . 2 . . . . 2 . Repair Stations 2 | . . . . . . . 2 . . . . . . . . . . . . Recycling Units . | . . . . . . . . . . . . . . . . . . . . Scanalyzers 2 | . . . 1 . . . . 1 . . . . . . . . . . . Garrison Access 1 | . . . . . . . . 1 . . . . . . . . . . . Total Hacks 118 | . 11 1 10 . 1 . 33 19 . 5 . . 4 . . 22 . 7 5 Successful 74 | . 5 1 4 . 1 . 18 9 . 5 . . 2 . . 22 . 5 2 Failed 43 | . 6 . 6 . . . 14 10 . . . . 2 . . . . 2 3 Catastrophic 9 | . 1 . . . . . 2 4 . . . . . . . . . . 2 Database Lockouts 1 | . . . . . . . 1 . . . . . . . . . . . . Manual 50 | . 11 . 2 . 1 . 17 12 . . . . . . . . . 2 5 Terminals 66 | . 11 . 5 . . . 28 13 . . . . . . . . . 4 5 Fabricators 9 | . . . . . . . . 2 . . . . 4 . . . . 3 . Repair Stations 5 | . . . . . . . 5 . . . . . . . . . . . . Recycling Units . | . . . . . . . . . . . . . . . . . . . . Scanalyzers 8 | . . . 5 . . . . 3 . . . . . . . . . . . Garrison Access 1 | . . . . . . . . 1 . . . . . . . . . . . Terminal Hacks 47 | . 3 1 2 . 1 . 8 1 . 5 . . . . . 22 . 3 1 Record 10 | . . . . . . . . . . 4 . . . . . 6 . . . Part Schematic 10 | . . . . . . . 1 . . . . . . . . 9 . . . Robot Schematic 4 | . . . . . . . . . . . . . . . . 4 . . . Robot Analysis 2 | . 2 . . . . . . . . . . . . . . . . . . Prototype ID Bank 6 | . 1 . 1 . . . 1 . . . . . . . . 3 . . . Open Door 3 | . . 1 . . . . . . . 1 . . . . . . . 1 . Branch Access Points 3 | . . . . . . . 1 1 . . . . . . . . . 1 . Alert Level 1 | . . . . . . . 1 . . . . . . . . . . . . Unreport Threat 4 | . . . . . . . 3 . . . . . . . . . . . 1 Registered Components 1 | . . . . . . . 1 . . . . . . . . . . . . Zone Layout 2 | . . . 1 . . . . . . . . . . . . . . 1 . Derelict Proto ID Bank 1 | . . . . . 1 . . . . . . . . . . . . . . Fabricator Hacks 5 | . . . . . . . . 2 . . . . 2 . . . . 1 . Load Schematic 3 | . . . . . . . . 1 . . . . 1 . . . . 1 . Build 2 | . . . . . . . . 1 . . . . 1 . . . . . . Repair Station Hacks 4 | . . . . . . . 4 . . . . . . . . . . . . Scan Component 2 | . . . . . . . 2 . . . . . . . . . . . . Repair 2 | . . . . . . . 2 . . . . . . . . . . . . Recycling Unit Hacks . | . . . . . . . . . . . . . . . . . . . . Scanalyzer 4 | . . . 2 . . . . 2 . . . . . . . . . . . Insert Component 2 | . . . 1 . . . . 1 . . . . . . . . . . . Analyze 2 | . . . 1 . . . . 1 . . . . . . . . . . . Garrison Access Hacks 1 | . . . . . . . . 1 . . . . . . . . . . . Seal Access 1 | . . . . . . . . 1 . . . . . . . . . . . Unauthorized Hacks 13 | . 2 . . . . . 6 3 . . . . . . . . . 1 1 Terminals 13 | . 2 . . . . . 6 3 . . . . . . . . . 1 1 Track 1 | . . . . . . . 1 . . . . . . . . . . . . Assimilate 2 | . 2 . . . . . . . . . . . . . . . . . . Botnet 10 | . . . . . . . 5 3 . . . . . . . . . 1 1 Fabricators . | . . . . . . . . . . . . . . . . . . . . Repair Stations . | . . . . . . . . . . . . . . . . . . . . Recycling Units . | . . . . . . . . . . . . . . . . . . . . Scanalyzers . | . . . . . . . . . . . . . . . . . . . . Garrison Access . | . . . . . . . . . . . . . . . . . . . . Data Cores Recovered . | . . . . . . . . . . . . . . . . . . . . Used . | . . . . . . . . . . . . . . . . . . . . Hacking Detections 32 | . 4 . 3 . . . 12 7 . . . . 1 . . . . 3 2 Full Trace Events 3 | . . . . . . . 1 1 . . . . 1 . . . . . . Feedback Events 1 | . . . . . . . . . . . . . 1 . . . . . . Corruption 1 | . . . . . . . . . . . . . 1 . . . . . . Feedback Blocked . | . . . . . . . . . . . . . . . . . . . . Robot Schematics Acquired 8 | . . . . . . . . . . . 4 . . . . 4 . . . Robots Built . | . . . . . . . . . . . . . . . . . . . . Authchips . | . . . . . . . . . . . . . . . . . . . . Time . | . . . . . . . . . . . . . . . . . . . . Total Robot Build Rating . | . . . . . . . . . . . . . . . . . . . . Part Schematics Acquired 25 | . . . 1 . . . 1 1 . . 13 . . . . 9 . . . Parts Built 3 | . . . . . . . . 2 . . . . 1 . . . . . . Authchips . | . . . . . . . . . . . . . . . . . . . . Time 126 | . . . . . . . . 73 . . . . 53 . . . . . . Total Part Build Rating 12 | . . . . . . . . 6 . . . . 6 . . . . . . Parts Repaired 2 | . . . . . . . 2 . . . . . . . . . . . . Time 158 | . . . . . . . 158 . . . . . . . . . . . . Parts Recycled . | . . . . . . . . . . . . . . . . . . . . Recycled Matter . | . . . . . . . . . . . . . . . . . . . . Retrieved Matter . | . . . . . . . . . . . . . . . . . . . . Retrieved Components . | . . . . . . . . . . . . . . . . . . . . Parts Scanalyzed 2 | . . . 1 . . . . 1 . . . . . . . . . . . Part Schematics Acquired 2 | . . . 1 . . . . 1 . . . . . . . . . . . Parts Damaged 1 | . . . 1 . . . . . . . . . . . . . . . . Bothacking | -11 -10 -10 -9 -9 -9 -8 -8 -7 -7 -7 -7 -6 -6 -6 -6 -6 -5 -5 -5 ------------ Run | Yrd Mat Min Mat Min Exi Min Mat Fac Low Low Zio Pro Fac Low Low Dat Pro Fac Ext Used RIF Installer . | . . . . . . . . . . . . . . . . . . . . Robots Hacked . | . . . . . . . . . . . . . . . . . . . . Non-combat . | . . . . . . . . . . . . . . . . . . . . Combat . | . . . . . . . . . . . . . . . . . . . . Robot Hacks Applied . | . . . . . . . . . . . . . . . . . . . . Relay Couplers Released . | . . . . . . . . . . . . . . . . . . . . Fabnet Peak Effective % . | . . . . . . . . . . . . . . . . . . . . Robots Rewired . | . . . . . . . . . . . . . . . . . . . . Allies Hacked . | . . . . . . . . . . . . . . . . . . . . Hacks Repelled . | . . . . . . . . . . . . . . . . . . . . Allies | -11 -10 -10 -9 -9 -9 -8 -8 -7 -7 -7 -7 -6 -6 -6 -6 -6 -5 -5 -5 -------- Run | Yrd Mat Min Mat Min Exi Min Mat Fac Low Low Zio Pro Fac Low Low Dat Pro Fac Ext Total Allies 8 | . 1 . . . . . . . . 2 . . 1 . . . . . 4 Largest Group 3 | . 1 1 . . . . . . . 2 . . 1 . . . . . 3 Highest-Rated Group 210 | . 10 10 . . . . . . . 45 . . 10 . . . . . 210 Highest-Rated Ally 159 | . 10 10 . . . . . . . 25 . . 10 . . . . . 159 Total Orders 12 | . . . . . . . . . . . . . 6 . 1 . . 4 1 EXPLORE 3 | . . . . . . . . . . . . . . . . . . 3 . RETURN 9 | . . . . . . . . . . . . . 6 . 1 . . 1 1 Ally Attacks 86 | . . . . . 11 . . . . 4 . . . . 41 . . . 30 Total Damage 842 | . . . . . 68 . . . . 116 . . . . 163 . . . 495 Kills 1 | . . . . . . . . . . . . . . . . . . . 1 Allies Corrupted . | . . . . . . . . . . . . . . . . . . . . Allies Melted 2 | . . . . . . . . . . . . . . . . . . . 2 Intel | -11 -10 -10 -9 -9 -9 -8 -8 -7 -7 -7 -7 -6 -6 -6 -6 -6 -5 -5 -5 ------- Run | Yrd Mat Min Mat Min Exi Min Mat Fac Low Low Zio Pro Fac Low Low Dat Pro Fac Ext Robot Analysis Total 2 | . 2 . . . . . . . . . . . . . . . . . . Derelict Logs Recovered 11 | . . 1 . 2 . . . . 3 1 2 2 . . . . . . . Drone Launches 20 | . . . . . 5 . . . . . . . 6 . 2 . . 3 4 Drone Recoveries 17 | . . . . . 4 . . . . . . . 6 . 2 . . 2 3 Exploration | -11 -10 -10 -9 -9 -9 -8 -8 -7 -7 -7 -7 -6 -6 -6 -6 -6 -5 -5 -5 ------------- Run | Yrd Mat Min Mat Min Exi Min Mat Fac Low Low Zio Pro Fac Low Low Dat Pro Fac Ext Turns Passed 22370 | . 1020 1214 431 403 761 130 3978 3179 777 744 1545 740 3036 699 526 213 884 929 1161 Spaces Moved 8629 | 1 361 440 180 209 361 78 1441 1186 306 298 631 284 1036 271 186 87 340 411 522 Core 112 | . . . . . . . . . . . . . . . . . . . 112 Treads 7712 | . . . 180 209 361 78 1441 1186 306 298 631 284 1036 271 186 87 340 408 410 Legs 802 | 1 361 440 . . . . . . . . . . . . . . . . . Wheels 3 | . . . . . . . . . . . . . . . . . . 3 . Hover . | . . . . . . . . . . . . . . . . . . . . Flight . | . . . . . . . . . . . . . . . . . . . . Fastest Speed 50 | 120 120 260 160 160 160 160 160 240 242 242 242 245 245 245 245 245 245 160 50 Average Speed 230 | 120 249 260 160 160 175 160 237 240 242 242 243 245 245 245 245 245 245 187 198 Slowest Speed 320 | 120 260 260 160 160 320 160 240 242 242 242 245 245 245 245 245 245 245 260 241 Overloaded Moves . | . . . . . . . . . . . . . . . . . . . . Propulsion Burnouts . | . . . . . . . . . . . . . . . . . . . . Robots Hopped . | . . . . . . . . . . . . . . . . . . . . Cave-ins Triggered . | . . . . . . . . . . . . . . . . . . . . Exploration Rate (%) 50 | 2 67 86 26 45 70 23 88 41 52 57 78 45 30 45 44 70 52 16 65 Regions Visited 19 Branch Regions 13 Pre-discovered Areas 7 | . . 1 . 2 . . . . . 1 2 . . . . 1 . . . Known Exits Taken 12 | . . . 1 . . . . 1 1 1 1 1 1 1 1 1 1 1 . Unknown Exits Taken 7 | 1 1 1 . 1 1 1 1 . . . . . . . . . . . . Scrap Searched 14 | . . 1 . . . . . . 2 3 2 1 . 4 . . 1 . . Spaces Dug 22 | . . 8 . . . . . 3 . . . . 11 . . . . . . Terrain Destroyed 470 | . . 75 7 . 22 18 6 4 25 65 . 41 66 68 14 . 37 18 4 Melee 14 | . . . . . . . . 3 . . . . 11 . . . . . . Projectile 12 | . . . . . . . 6 1 . . . . 1 . . . . . 4 AOE 444 | . . 75 7 . 22 18 . . 25 65 . 41 54 68 14 . 37 18 . Terrain Rammed . | . . . . . . . . . . . . . . . . . . . . Walls Destroyed . | . . . . . . . . . . . . . . . . . . . . Machines Disabled . | . . . . . . . . . . . . . . . . . . . . Actions | -11 -10 -10 -9 -9 -9 -8 -8 -7 -7 -7 -7 -6 -6 -6 -6 -6 -5 -5 -5 --------- Run | Yrd Mat Min Mat Min Exi Min Mat Fac Low Low Zio Pro Fac Low Low Dat Pro Fac Ext Total 10188 | . 417 487 261 244 463 81 1798 1381 329 310 637 323 1376 293 235 87 366 500 600 Wait 594 | . 4 1 29 5 55 . 121 69 3 4 1 34 170 2 28 . 8 27 33 Move 8610 | . 360 439 179 208 360 77 1440 1185 305 297 630 283 1035 270 185 86 339 410 522 Hop . | . . . . . . . . . . . . . . . . . . . . Pick Up 85 | . 11 6 7 1 5 . 22 11 1 . 1 . 9 1 . . 1 6 3 Fast Attach 51 | . 1 5 1 2 1 . 11 5 2 . . . 10 1 2 . . 8 2 Attach 36 | . . 1 5 1 6 1 4 7 . . . . 2 1 3 . . 3 2 Detach 8 | . 1 . . 2 . . 3 . . . . . . . 2 . . . . Swap 160 | . 3 5 3 2 6 2 28 16 10 1 4 1 47 6 . 1 6 12 7 Drop 111 | . 2 11 5 3 8 . 33 16 2 . . . 20 4 1 . 1 1 4 Fire 417 | . 32 16 32 17 22 1 114 61 6 8 1 5 39 8 9 . 11 19 16 Melee 56 | . . . . . . . 3 3 . . . . 36 . . . . 14 . Ram 3 | . . . . . . . . . . . . . . . . . . . 3 Kick 6 | . 3 3 . . . . . . . . . . . . . . . . . Crush 41 | . . . . 3 . . 19 8 . . . . 8 . 1 . . . 2 Escape Stasis 6 | . . . . . . . . . . . . . . . . . . . 6 Rewire 4 | . . . . . . . . . . . . . . . 4 . . . . Trap . | . . . . . . . . . . . . . . . . . . . . Miscellaneous . | . . . . . . . . . . . . . . . . . . . . Route ------- -11/Scrapyard -10/Materials (discovered 3 exits: *Mat x2 / *Min) -10/Mines (discovered 2 exits: *Mat x2) -9/Materials (discovered 2 exits: *Min x2) -9/Mines (discovered 3 exits: *Mat x2 / *Exi) -9/Exiles -8/Mines -8/Materials (discovered 2 exits: *Fac x2) -7/Factory (discovered 3 exits: *Fac / *Low x2) -7/Lower Caves -7/Lower Caves (discovered 2 exits: *Fac / *Zio) -7/Zion -6/Proximity Caves -6/Factory (discovered 6 exits: Fac x4 / *Low x2) -6/Lower Caves -6/Lower Caves (discovered 2 exits: *Fac / *Dat) -6/Data Miner -5/Proximity Caves -5/Factory (discovered 4 exits: Upp x2 / *Ext x2) -5/Extension History --------- Turn | Location | Event 1 | -11/Scrapyard | Discovered new exit (range 0) 1 | -11/Scrapyard | Entered Materials 301 | -10/Materials | Build established: Mutant 403 | -10/Materials | Discovered new exit (range 9) 845 | -10/Materials | Discovered new exit (range 8) 907 | -10/Materials | Discovered new exit (range 16) 1021 | -10/Materials | Entered Mines 1021 | -10/Mines | Accompanied by 1 ally 1340 | -10/Mines | Build established: Scavenger-Mutant 1377 | -10/Mines | Discovered new exit (range 7) 1385 | -10/Mines | Assembled infested the area 1750 | -10/Mines | Learned location of Storage (-9) 1828 | -10/Mines | Found the Drone Emporium 1841 | -10/Mines | Found Prototype Device 1841 | -10/Mines | Identified Thief Drone Bay 1902 | -10/Mines | Discovered new exit (range 9) 1944 | -10/Mines | Joined a pair of Derelicts in attacking an 0b10 outpost 2159 | -10/Mines | Found a damaged Exp. Sensor Array with a note attached 2165 | -10/Mines | Found Prototype Device 2165 | -10/Mines | Identified Exp. Sensor Array 2235 | -10/Mines | Entered Materials 2235 | -9/Materials | Evolved 2 slots: Propulsion x1, Utility x1 2236 | -9/Materials | Identified exit to Mines 2295 | -9/Materials | Build established: Mutant 2300 | -9/Materials | System corruption reached 10% 2666 | -9/Materials | Entered Mines 2718 | -9/Mines | Discovered new exit (range 5) 2761 | -9/Mines | Learned location of Zion (-7) 2874 | -9/Mines | Found a hidden stash of uninstalled traps 3015 | -9/Mines | Build established: Scavenger-Mutant 3036 | -9/Mines | Discovered new exit (range 9) 3056 | -9/Mines | Deemed a non-threat by the Exiles lab entrance 3056 | -9/Mines | Discovered new exit (range 5) 3069 | -9/Mines | Entered Exiles 3114 | -9/Exiles | Met 8R-AWN 3141 | -9/Exiles | Met EX-HEX 3189 | -9/Exiles | Met EX-BIN 3212 | -9/Exiles | Aligned with FarCom system 3213 | -9/Exiles | Given EX-Vault access code 3252 | -9/Exiles | Opened EX-Vault 3263 | -9/Exiles | Found Longsword +1 3270 | -9/Exiles | Found Superbattery 3301 | -9/Exiles | Warned to stay clear of 0b10 Research branches 3347 | -9/Exiles | Met EX-DEC 3480 | -9/Exiles | Attacked by the Exiles 3587 | -9/Exiles | Found 8R-AWN's Boregun 3588 | -9/Exiles | Found 8R-AWN's Boregun 3721 | -9/Exiles | Core integrity fell below 50% 3803 | -9/Exiles | Lost 4 parts (2n2w) 3816 | -9/Exiles | Discovered new exit (range 11) 3830 | -9/Exiles | Stole two prototypes: Superbattery, Longsword +1 3830 | -9/Exiles | Entered Mines 3947 | -8/Mines | Discovered new exit (range 9) 3960 | -8/Mines | Entered Materials 3960 | -8/Materials | Evolved 2 slots: Propulsion x1, Utility x1 4356 | -8/Materials | Repaired Broken Exp. Sensor Array? 4398 | -8/Materials | Build established: Mutant 4684 | -8/Materials | Found AS-neutralizer No. 17b 4978 | -8/Materials | Discovered new exit (range 16) 5208 | -8/Materials | Build established: Scavenger-Mutant 5877 | -8/Materials | Discovered new exit (range 14) 6366 | -8/Materials | Central database locked down 6467 | -8/Materials | Build established: Mutant 7136 | -8/Materials | Repaired Broken Imp. Treads 7938 | -8/Materials | Entered Factory 7938 | -7/Factory | Evolved 2 slots: Utility x1, Weapon x1 8236 | -7/Factory | Build established: Tank 8476 | -7/Factory | Identified exit to Lower Caves 9106 | -7/Factory | Discovered new exit (range 12) 9604 | -7/Factory | Fabricated Arm. Treads (x2) 11117 | -7/Factory | Entered Lower Caves 11452 | -7/Lower Caves | Learned Factory security intel 11668 | -7/Lower Caves | Identified exit to Lower Caves 11690 | -7/Lower Caves | Build established: Skirmisher 11851 | -7/Lower Caves | Learned Factory stockpile data 11874 | -7/Lower Caves | Encountered a Warlord checkpoint 11894 | -7/Lower Caves | Entered another Lower Caves area 11921 | -7/Lower Caves | Discovered new exit (range 14) 12095 | -7/Lower Caves | A Commander dispatched an escort 12124 | -7/Lower Caves | Learned location of Armory (-4) 12124 | -7/Lower Caves | Learned Armory terminal intel 12355 | -7/Lower Caves | Learned Factory stockpile data 12580 | -7/Lower Caves | Spotted EZ-LPV(f) 12582 | -7/Lower Caves | Encountered a Master Thief 12582 | -7/Lower Caves | Spotted FY-AD5(f) 12582 | -7/Lower Caves | Spotted AX-1TB(f) 12583 | -7/Lower Caves | Encountered a Master Thief 12583 | -7/Lower Caves | Encountered a Master Thief 12583 | -7/Lower Caves | Spotted RQ-MG5(f) 12584 | -7/Lower Caves | Encountered a Master Thief 12585 | -7/Lower Caves | Longsword +1 stolen by Master Thief 12586 | -7/Lower Caves | Superbattery stolen by Master Thief 12586 | -7/Lower Caves | Destroyed AX-1TB(f) 12594 | -7/Lower Caves | 8R-AWN's Boregun stolen by Master Thief 12623 | -7/Lower Caves | Discovered new exit (range 7) 12636 | -7/Lower Caves | Identified exit to Zion 12638 | -7/Lower Caves | Entered Zion 12711 | -7/Zion | Given the Hacking Drone Bay 12711 | -7/Zion | Found Prototype Device 12729 | -7/Zion | Discovered new exit (range 12) 13265 | -7/Zion | Received a visual enhancement algorithm 13337 | -7/Zion | Learned Factory emergency access door positions 13692 | -7/Zion | Learned location of Extension (-5) 14027 | -7/Zion | Visited the Megawrench Repair Shop 14027 | -7/Zion | Megawrench repaired 10 parts 14181 | -7/Zion | Identified exit to Proximity Caves 14183 | -7/Zion | Entered Proximity Caves 14231 | -6/Proximity Caves | Learned location of 1 exit from Lower Caves 14309 | -6/Proximity Caves | Learned Factory trap positions 14331 | -6/Proximity Caves | Build established: Tank 14394 | -6/Proximity Caves | Spotted B-75 Beast 14904 | -6/Proximity Caves | Discovered new exit (range 8) 14921 | -6/Proximity Caves | Identified exit to Factory 14923 | -6/Proximity Caves | Entered Factory 14923 | -6/Factory | Evolved 2 slots: Utility x1, Weapon x1 14924 | -6/Factory | Loaded intel: 130 trap records 14973 | -6/Factory | Identified Hacking Drone Bay 15559 | -6/Factory | Build established: Scavenger-Skirmisher 16211 | -6/Factory | Build established: Scavenger-Assassin 16599 | -6/Factory | Fabricated Imp. Transmission Jammer (x1) 17117 | -6/Factory | Build established: Scavenger-Skirmisher 17402 | -6/Factory | Identified exit to Lower Caves 17504 | -6/Factory | Identified exit to Factory 17959 | -6/Factory | Entered Lower Caves 17960 | -6/Lower Caves | Identified exit to Lower Caves 18419 | -6/Lower Caves | Encountered a Warlord checkpoint 18574 | -6/Lower Caves | Build established: Skirmisher 18658 | -6/Lower Caves | Entered another Lower Caves area 18660 | -6/Lower Caves | Attracted the attention of an 0b10 checkpoint 18745 | -6/Lower Caves | Discovered exit to Factory (range 9) 19001 | -6/Lower Caves | Spotted TQ-ZT7(f) 19003 | -6/Lower Caves | Encountered a Master Thief 19003 | -6/Lower Caves | Spotted 23-UKI(f) 19003 | -6/Lower Caves | Spotted IY-5HR(f) 19004 | -6/Lower Caves | Encountered a Master Thief 19004 | -6/Lower Caves | Encountered a Master Thief 19005 | -6/Lower Caves | Hacking Drone Bay stolen by Master Thief 19011 | -6/Lower Caves | Imp. Transmission Jammer stolen by Master Thief 19048 | -6/Lower Caves | Thief Drone Bay stolen by Master Thief 19048 | -6/Lower Caves | Destroyed 23-UKI(f) 19162 | -6/Lower Caves | Discovered new exit (range 6) 19176 | -6/Lower Caves | Identified exit to Data Miner 19184 | -6/Lower Caves | Entered Data Miner 19184 | -6/Data Miner | Discovered new exit (range 6) 19231 | -6/Data Miner | Met Data Miner 19297 | -6/Data Miner | Learned location of Section 7 (-2) 19297 | -6/Data Miner | Acquired the access code to Warlord's prototype stash 19319 | -6/Data Miner | Received God Mode back door access code from Data Miner 19393 | -6/Data Miner | Identified exit to Proximity Caves 19397 | -6/Data Miner | Entered Proximity Caves 20266 | -5/Proximity Caves | Discovered exit to Factory (range 5) 20281 | -5/Proximity Caves | Entered Factory 20281 | -5/Factory | Evolved 2 slots: Propulsion x2 20411 | -5/Factory | Identified exit to Upper Caves 20411 | -5/Factory | Identified exit to Extension 21062 | -5/Factory | Build established: Tank 21210 | -5/Factory | Entered Extension 21784 | -5/Extension | Rescued A7 21901 | -5/Extension | Rescued a captive Derelict 21989 | -5/Extension | Rescued a captive Derelict 22005 | -5/Extension | Build established: Scavenger-Tank 22260 | -5/Extension | Spotted B-75 Beast 22268 | -5/Extension | Spotted B-75 Beast 22307 | -5/Extension | Released all parts (14) 22317 | -5/Extension | Core integrity fell below 50% 22321 | -5/Extension | Lost 4 allies 22335 | -5/Extension | Lost 3 parts (1n1u1w) 22341 | -5/Extension | Rescued a captive Derelict 22361 | -5/Extension | Core integrity fell below 20% 22371 | -5/Extension | Destroyed by H-66 Slayer with Heavy Assault Rifle Last Messages --------------- 22311_ Dropped Imp. Treads. 22311_ Acquired Exp. Sensor Array. 22313_ Penetrated by Slug. 22313_ R-10 Processor collects Imp. Treads. 22316_ R-10 Processor collects Arm. Treads. 22317_ B-75 Beast IFF system glitched. 22318_ Penetrated by Slug. 22318_ Machine disabled. 22320_ Knocked back. Door Terminal flashes as you approach. 22329_ Connecting with Terminal... >>Alert(Purge) No threats on record. 22357_ 4U-C87(b) suffers critical hit (Burn). 22357_ Slug penetrates 4U-C87(b). 22357_ 4U-C87(b) destroyed. 22358_ Acquired 73 matter. 22359_ Slammed into Y-64 Sentinel. 22363_ U-05 Engineer builds a Wall. 22367_ Penetrated by Slug. Map ----- +----------------------------------------------------+ | #?????#"" #?????# #???????????????????? | | #?????#"" ####### #???????????????????? | | #?????#"T + ] #???????????????????? | | #?????#"" ########## / #???????????????????? | | #?????#"" #????????# #???????????????????? | | #?????### #????????########???????????????????? | | #???????# #???????????????????????????????????? | | #???????# ^ #???????????????????????????????????? | | #???????# ^ #???????????????????????????????????? | | #???????# #???????????????????????????????????? | | #???????# ####???????????????????????????????????? | | #???????# ###????????????????????????????????????? | | #???????# #T###??????????????????????????????????? | | #???????# #??????????????????????????????????? | | #???????# #####??????????????????????????????????? | | #???????#/#??????????????????????????????????????? | | #???????#=#??????????????????????????????????????? | | #???###?# #??????????????????????????????????????? | | ?####"###*#??????????????????????????????????????? | | ## ## ##" ###????????????????????????????????????? | | " % ""#????????????????????????????????????? | | " ##???????????????????????????????????? | | "#???????????????????????????????????? | | % ##???????????????????????????????????? | | ######################???????????????? | | *%= t @ ????????? | | ! ????????? | | ????????? | | R ?????????? | | % ktu kuk h ?????????? | | ###########################??????????? | | #????????????????????????????????????? | | #????????????????????????????????????? | | #????????????????????????????????????? | | #????????????????????????????????????? | | # #"""#######????????????????????????????????????? | | ?##??????????????????????????????????????????????? | | ??#??????????????????????????????????????????????? | | | | | | | | | | | | | | | | | | | | | | | | | +----------------------------------------------------+ Best States ------------- Heat Dissipation 67 Energy Generation 18 Energy Capacity 310 Matter Stores 300 Matter Capacity 300 Sight Range 16 Robot Scan Range 20 Terrain Scan Density 10 Armor Coverage 600 Utility Shielding 66 Evasion (%) 55 Recoil Reduction 6 Kinecelleration 30 Salvage Targeting 2 Item Schematics ----------------- Exp. Sensor Array | -9/Materials | Scanalyzed Arm. Treads | -8/Materials | Hacked Imp. Medium Armor Plating | -7/Factory | Scanalyzed Force Field | -7/Zion | Archive Gauss Rifle | -7/Zion | Archive Imp. Medium Treads | -7/Zion | Archive Mak. Laser | -7/Zion | Archive Energy Well | -7/Zion | Archive Mak. Terrain Scan Processor | -7/Zion | Archive Hvy. Phase Cannon | -7/Zion | Archive Imp. Remote Datajack | -7/Zion | Archive Gravmag System | -7/Zion | Archive Proton Cannon | -7/Zion | Archive Imp. Cryofiber Web | -7/Zion | Archive Armor Integrity Analyzer | -7/Zion | Archive Spk. Medium Treads | -7/Zion | Archive Combat Drone Bay | -6/Data Miner | Free Lgt. Regenerative Plating | -6/Data Miner | Free Cld. Nuclear Pulse Thruster | -6/Data Miner | Free Prc. Matter Filter | -6/Data Miner | Free Enh. Force Rifle | -6/Data Miner | Free Imp. Antigrav System | -6/Data Miner | Free Adv. Thermal Shield | -6/Data Miner | Free Hvy. Gauss Cannon | -6/Data Miner | Free Imp. Phase Shifter | -6/Data Miner | Free Robot Schematics ------------------ G-47 Trooper | -7/Zion | Archive R-06 Scavenger | -7/Zion | Archive H-55 Commando | -7/Zion | Archive D-83 Annihilator | -7/Zion | Archive G-50 Soldier | -6/Data Miner | Free A-15 Conveyor | -6/Data Miner | Free S-27 Virus | -6/Data Miner | Free G-67 Veteran | -6/Data Miner | Free Fabricated ------------ Arm. Treads | x2 | -7/Factory Imp. Transmission Jammer | x1 | -6/Factory | Preloaded Alien Tech Used ----------------- None Achievements -------------- None Challenges ------------ None Game ------ Seed DimensionalMiningAutohacker Manual? 0 Play Time 01:29:21 Cumulative 234.1 hours Start 2024.05.20 @ 15:00:34 End 2024.05.20 @ 16:28:58 Sessions 1 Manual Loads 0 Difficulty Rogue Special Mode None Game No. 292 Rogue 292 Adventurer 0 Explorer 0 Win Type - Total 8 Types 4/1/0/1/1/0/0/1/0 Lore% 72 Gallery% 80 Achievement% 69 Wizard Run 0 Options --------- Layout 0 ASCII 0 Keyboard 0 Movement Numpad Keybinds 0 Fullscreen 1 Font 18/SmallcapsGlow Map View 76x50 Zoom Use 0% Tactical HUD 1 Map Filters NONE Filters NONE Steam 1 RUN: baa394b8-420e-4981-8d60-47695853951e